 Dungeon Crawl Stone Soup version 0.29-a0-25-g7f48f510a0 (webtiles) character file.

Game seed: 6224686260732286939

47 timneilson the Covered (level 3, 0/23 HPs)
             Began as a Gargoyle Fighter on Feb 1, 2022.
             Slain by a gnoll (2 damage)
             ... on level 2 of the Dungeon.
             The game lasted 00:01:31 (539 turns).

timneilson the Covered (Gargoyle Fighter)            Turns: 539, Time: 00:01:32

Health: 0/23       AC: 13    Str: 21    XL:     3   Next: 70%
Magic:  3/3        EV:  7    Int:  8    God:
Gold:   69         SH:  4    Dex:  9    Spells: 2/2 levels left

rFire   . . .      SeeInvis .   a - +0 long sword
rCold   . . .      Faith    .   c - +0 buckler
rNeg    + . .      Spirit   .   g - +0 chain mail
rPois   ∞          Reflect  .   b - +0 helmet
rElec   +          Harm     .   (no cloak)
rCorr   .          Rampage  .   (no gloves)
Will    .....                   (no boots)
Stlth   ..........              (no amulet)
HPRegen 0.07/turn               (no ring)
MPRegen 0.08/turn               (no ring)

@: no status effects
A: sickness immunity, AC +3, negative energy resistance 1, electricity
resistance, torment resistance 1, petrification resistance
a: no special abilities


You were on level 2 of the Dungeon.
You visited 1 branch of the dungeon, and saw 2 of its levels.

You collected 69 gold pieces.

Inventory:

Hand Weapons
 a - a +0 long sword (weapon)
Armour
 b - a +0 helmet (worn)
 c - a +0 buckler (worn)
 g - a +0 chain mail (worn)
Scrolls
 e - 2 scrolls of amnesia {unknown}
 h - a scroll of teleportation {unknown}
 i - a scroll of blinking {unknown}
Potions
 d - a potion of might
 f - a potion of curing {unknown}
 j - a potion of resistance {unknown}


   Skills:
 + Level 3.5 Fighting
 * Level 2.3 Long Blades
 * Level 3.8 Armour
 + Level 0.5 Dodging
 * Level 3.8 Shields


You had 2 spell levels left.
You didn't know any spells.
Your spell library was empty.

Dungeon Overview and Level Annotations

Branches:
Dungeon (1/15)

Altars:


Innate Abilities, Weirdness & Mutations

You are immune to sickness and miasma.
Your stone body is resilient. (AC +3)
You are immune to poison.
You resist negative energy. (rN+)
You are resistant to electric shocks. (rElec)
You are resistant to unholy torment.
You are immune to petrification.


Message History

You hit the gnoll.
The gnoll is heavily wounded.
The gnoll hits you but does no damage. x3
You slash the gnoll!
You kill the gnoll!
The gnoll hits you but does no damage.
The gnoll hits you from afar with a +0 spear.
You barely miss the gnoll. The gnoll hits you with a +0 club.
The gnoll hits you but does no damage.
You barely miss the gnoll. You block the gnoll's attack.
The gnoll hits you from afar with a +0 spear.
The gnoll closely misses you.
You closely miss the gnoll.
The gnoll hits you from afar with a +0 spear.
You block the gnoll's attack. The gnoll hits you but does no damage.
You slash the gnoll!
The gnoll is heavily wounded.
The gnoll hits you but does no damage. x2
You hit the gnoll.
You kill the gnoll!
The gnoll hits you but does no damage. The gnoll barely misses you.
You see here a +0 club.
You barely miss the gnoll. The gnoll hits you with a +0 spear!
The gnoll hits you with a +0 spear.
* * * LOW HITPOINT WARNING * * *
You hit the gnoll.
The gnoll is lightly wounded.
The gnoll barely misses you.
You hit the gnoll.
The gnoll is moderately wounded.
The gnoll barely misses you.
You barely miss the gnoll.
The gnoll is moderately wounded.
The gnoll hits you with a +0 spear.
* * * LOW HITPOINT WARNING * * *
You barely miss the gnoll.
The gnoll is moderately wounded.
The gnoll hits you with a +0 spear.
You die...

##.####### #
.........# ## .#
.#######.####
#.###P #†.†.#
#####..PP ####.#
######..##.P.P #@#
#...gg.#†..g..
#g###......#.P....
#..........#...P..
#.#########.##P...
#.. #...#...P #.##
#....###[ #.#
#.......# #>.
..........+. ###
####......##


You could see a gnoll.

Vanquished Creatures
  2 gnolls (D:2)
  A dart slug (D:2)
  4 ball pythons
  2 bats
  2 giant cockroaches (D:1)
  2 goblins (D:1)
  2 hobgoblins
  2 jackals (D:2)
  2 quokkas
  A frilled lizard (D:1)
  2 kobolds (D:1)
  A rat (D:1)
23 creatures vanquished.

Vanquished Creatures (others)
  3 demonic plants (D:2)
  8 fungi (D:2)
  4 plants (D:2)
  A withered plant (D:2)
16 creatures vanquished.

Grand Total: 39 creatures vanquished

Notes
Turn   | Place    | Note
-------+----------+-------------------------------------------
     0 | D:1      | timneilson the Gargoyle Fighter began the quest for the
                  | Orb.
     0 | D:1      | Reached XP level 1. HP: 14/14 MP: 1/1
    98 | D:1      | Reached XP level 2. HP: 16/19 MP: 2/2
   373 | D:1      | You fall into a shaft and drop 1 floor!
   471 | D:2      | Reached XP level 3. HP: 23/23 MP: 3/3
   490 | D:2      | Found a faded altar of an unknown god.
   492 | D:2      | Identified the +2 ring mail "Viascha" {Harm *Corrode Int+4
                  | Stlth+}
   539 | D:2      | Slain by a gnoll

Illustrated notes

Levels and vault maps discovered:
D:1:      eino_arrival_druids_welcome, layout_loops_ring
D:2:      layout_basic, shapermc_ecumenical_altar_gd, basic_altar,
          nrook_loot_triangle, kennysheep_generic_room_10

Skill      XL: |  1  2 |
---------------+-------+-----
Long Blades    | 2 |  2.3
Fighting       | |  3.5
Armour         | |  3.8
Dodging        | |  0.5
Shields        | |  3.8

Action                   || total
-------------------------++-------
Melee: Long sword        ||    80
Armor: Chain mail        ||    66
       Scale mail        ||     2
Dodge: Dodged            ||    30
Block: Buckler           ||    21

Table legend: (Time is in decaauts)
 A = Elapsed time spent in this place.
 B = Non-inter-level travel time spent in this place.
 C = Inter-level travel time spent in this place.
 D = Time resting spent in this place.
 E = Time spent auto-exploring this place.
 F = Levels seen in this place.
 G = Mean time per level.
                   A        B        C        D        E       F      G
               +--------+--------+--------+--------+--------+-----+--------+
         Total |    565 |    565 |      0 |      0 |    302 |   2 |  282.5 |
       Dungeon |    565 |    565 |      0 |      0 |    302 |   2 |  282.5 |
               +--------+--------+--------+--------+--------+-----+--------+

Top non-repeatable levels by time:
     D:1: 386 daAuts
     D:2: 178 daAuts
